Map: Crimson Court LE

Players

TheKazootie

  • Race: Terran Terran
  • League: Master
  • Spawn Location: 7:00

HughJaynus - Winner!

  • Race: Terran Terran
  • League: Master
  • Spawn Location: 1:00

VOD

Have the link to the VOD?

Description

Time

  • Played on: Nov. 4, 2024, 3:48 p.m.
  • Length: 4:14
Show
View Real Time Build Order
Export as new Build Order

TheKazootie Terran 

Build Orders:  

Get SALT Encoding   

  12  0:00  SCV  
  13  0:12  SCV  
  14  0:16  Supply Depot  
  14  0:24  SCV  
  15  0:38  SCV  
  15  0:39  Barracks  
  16  0:43  Refinery  
  16  0:50  SCV  
  16  0:52  Refinery  
  17  1:02  SCV  
  18  1:14  SCV  
  19  1:28  Orbital Command, Barracks Reactor  
  19  1:31  Supply Depot  
  19  1:41  Factory  
  19  1:56  SCV  
  20  2:04  Reaper x2  
  22  2:08  SCV  
  23  2:22  SCV  
  24  2:26  Command Center  
  24  2:29  Hellion  
  26  2:34  SCV  
  27  2:41  Marine x2  
  29  2:45  Supply Depot  
  27  3:07  Cyclone  
  27  3:09  Supply Depot  
  27  3:10  Marine x2  
  26  3:33  SCV  
  26  3:34  Marine x2  
  28  3:47  SCV  
Show
View Real Time Build Order
Export as new Build Order

HughJaynus Terran - Winner!

Build Orders:  

Get SALT Encoding   

  12  0:00  SCV  
  13  0:12  SCV  
  14  0:18  Supply Depot  
  14  0:42  Barracks  
  14  0:46  Refinery  
  14  0:55  Barracks  
  14  0:58  SCV  
  15  1:10  SCV  
  16  1:23  SCV  
  17  1:29  Barracks Tech Lab  
  17  1:34  Supply Depot  
  17  1:36  Orbital Command  
  17  1:42  Barracks Tech Lab  
  17  1:49  Marauder  
  19  2:01  Marauder  
  21  2:03  SCV  
  22  2:10  Marauder  
  24  2:16  Concussive Shells  
  24  2:17  SCV  
  25  2:26  Supply Depot  
  25  2:29  Marauder  
  27  2:33  SCV  
  28  2:42  Marauder  
  30  2:45  SCV  
  30  2:50  Marauder  
  31  3:03  Marauder  
  31  3:05  SCV  
  34  3:12  Marauder  
  36  3:17  SCV  
  37  3:25  Marauder  
  37  3:34  Marauder  
  37  3:46  Marauder  
  39  3:55  SCV  
Tags
 
Matchup
TvT
Race
Terran
Spawn Locations
Cross Positions
Add a new tag
Caveats
  • Supply blocks, unpowered buildings, or Contaminate may cause inaccurate times.
  • Supply counts are checked every 10 seconds.